Map: Heavy Artillery LE

Players

qqq - Winner!

  • Race: Zerg Zerg
  • Spawn Location: 7:00

Massa - Winner!

  • Race: Terran Terran
  • League: Platinum
  • Spawn Location: 7:00

InUrBase

  • Race: Protoss Protoss
  • Spawn Location: 3:00

PLSQuit

  • Race: Zerg Zerg
  • Spawn Location: 1:00

VOD

Have the link to the VOD?

Description

Time

  • Played on: Jan. 30, 2021, 6:12 a.m.
  • Length: 16:39
Show
View Real Time Build Order
Export as new Build Order

qqq Zerg - Winner!

Build Orders: Hatch First, Brood Lord Corruptor 

Get SALT Encoding   

  12  0:01  Drone  
  13  0:12  Drone  
  14  0:17  Overlord  
  14  0:49  Hatchery  
  13  0:54  Drone x2  
  13  0:56  Drone  
  16  1:16  Spawning Pool  
  16  1:17  Extractor  
  14  1:20  Drone  
  14  1:24  Drone  
  16  1:37  Drone  
  16  1:38  Drone  
  18  1:52  Drone  
  19  2:00  Drone  
  20  2:02  Drone  
  21  2:08  Queen  
  21  2:09  Queen  
  21  2:12  Drone  
  26  2:18  Overlord  
  26  2:24  Zergling x2  
  26  2:25  Drone  
  28  2:30  Metabolic Boost  
  28  2:36  Overlord  
  28  2:39  Drone  
  29  2:51  Drone  
  30  2:53  Zergling x2, Overlord  
  31  3:01  Drone, Evolution Chamber  
  31  3:04  Zergling x2  
  32  3:14  Extractor, Zergling x2  
  31  3:24  Drone x2, Zergling x2  
  31  3:25  Zergling x2  
  31  3:26  Overlord  
  34  3:28  Zerg Melee Weapons Level 1  
  34  3:29  Zergling x2  
  34  3:30  Zergling x2  
  34  3:32  Zergling x2  
  37  3:41  Zergling x2  
  38  3:42  Zergling x2  
  38  3:46  Lair  
  39  3:49  Zergling x2  
  39  3:50  Zergling x2  
  41  4:03  Zergling x2  
  42  4:11  Zergling x4  
  42  4:12  Drone, Zergling x2  
  42  4:13  Zergling x6  
  49  4:20  Zergling x2  
  49  4:22  Overlord  
  50  4:30  Zergling x2  
  52  4:31  Zergling x2  
  45  4:53  Zergling x6  
  47  5:02  Zergling x4  
  47  5:03  Zergling x8  
  52  5:11  Zergling x2  
  52  5:12  Zergling x6  
  52  5:13  Zergling x2  
  53  5:24  Zerg Ground Armor Level 1  
  53  5:25  Hatchery  
  50  5:29  Zergling x4  
  50  5:30  Zergling x2  
  50  5:34  Zergling x2  
  50  5:39  Zergling x2  
  45  5:46  Zergling x2  
  45  5:47  Zergling x2  
  47  5:54  Evolution Chamber  
  44  6:01  Zergling x6  
  44  6:02  Zergling x6  
  44  6:11  Zergling x2  
  41  6:12  Zergling x2  
  40  6:21  Zergling x6  
  40  6:22  Zergling x2  
  40  6:23  Drone, Zergling x4  
  47  6:28  Zerg Melee Weapons Level 2  
  47  6:35  Zergling x2  
  47  6:36  Zergling x4  
  45  6:49  Zergling x2  
  45  6:51  Drone x2  
  45  6:52  Zergling x2  
  49  7:01  Hatchery  
  49  7:02  Queen  
  49  7:08  Drone  
  51  7:09  Drone, Infestation Pit  
  51  7:12  Zergling x2  
  51  7:14  Drone  
  53  7:23  Zergling x2  
  53  7:24  Drone x3  
  57  7:34  Zergling x2  
  57  7:35  Overlord x2  
  51  8:02  Zergling x8  
  51  8:03  Zergling x2  
  54  8:06  Drone x7  
  54  8:09  Spire  
  54  8:11  Drone x2  
  61  8:21  Drone, Hive  
  61  8:24  Extractor  
  61  8:31  Zergling x4  
  61  8:32  Drone x2, Zergling x4  
  67  8:41  Zergling x4  
  55  8:42  Zergling x8  
  55  8:58  Zergling x8  
  55  8:59  Drone x2  
  55  9:00  Drone, Zergling x10  
  63  9:08  Zergling x2  
  63  9:09  Zergling x4  
  62  9:17  Drone x2  
  62  9:19  Extractor  
  62  9:21  Extractor  
  59  9:26  Zergling x2  
  60  9:40  Greater Spire  
  60  9:41  Corruptor  
  60  9:43  Drone x3  
  60  9:44  Drone  
  66  9:49  Drone  
  66  9:51  Extractor  
  66  9:52  Extractor, Corruptor  
  66  9:53  Overlord  
  66  9:55  Drone  
  66  9:59  Drone  
  69  10:00  Overlord x3  
  58  10:12  Zergling x2  
  58  10:13  Drone x3  
  61  10:14  Zergling x2  
  61  10:15  Drone, Zergling x4  
  65  10:22  Corruptor  
  65  10:27  Corruptor x3  
  73  10:29  Drone  
  74  10:40  Drone x3  
  77  10:47  Drone  
  78  10:52  Brood Lord  
  78  10:54  Brood Lord  
  82  10:58  Corruptor  
  82  11:02  Brood Lord  
  86  11:08  Zerg Flyer Weapons Level 1  
  86  11:10  Hatchery  
  86  11:11  Drone x4  
  88  11:13  Overlord  
  89  11:23  Brood Lord  
  90  11:31  Brood Lord  
  88  11:41  Drone x2  
  88  11:42  Drone x2  
  94  11:47  Brood Lord x2  
  94  11:49  Zergling x10  
  94  11:50  Zergling x12  
  94  11:51  Zergling x6  
  110  11:58  Corruptor x2  
  114  12:06  Corruptor  
  114  12:07  Overlord x3  
  94  12:45  Corruptor x4  
  94  12:46  Corruptor x3  
  94  12:47  Drone  
  94  12:48  Drone x2  
  107  12:56  Brood Lord  
  109  13:00  Drone  
  110  13:14  Overseer x2  
  110  13:16  Zerg Flyer Armor Level 1  
  106  13:23  Hatchery  
  96  13:31  Brood Lord x2  
  96  13:42  Viper  
  96  13:43  Drone x3  
  96  13:46  Extractor, Queen  
  96  13:47  Extractor  
  103  13:48  Zergling x8  
  103  13:49  Zergling x8  
  110  14:07  Viper x2  
  116  14:11  Drone  
  116  14:12  Drone  
  118  14:17  Spine Crawler  
  118  14:22  Spine Crawler x2  
  107  14:33  Brood Lord  
  107  14:34  Brood Lord x2  
  107  14:35  Drone x4  
  107  14:36  Drone x5  
  122  14:40  Drone x3  
  125  14:50  Spore Crawler  
  124  14:53  Spore Crawler  
  123  15:02  Brood Lord, Corruptor  
  115  15:24  Corruptor x2, Viper  
  115  15:28  Drone x4  
  121  15:29  Drone  
  124  15:46  Drone x2, Corruptor  
  124  15:47  Corruptor x2  
  127  16:15  Drone x2  
  128  16:24  Drone  
Show
View Real Time Build Order
Export as new Build Order

Massa Terran - Winner!

Build Orders:  

Get SALT Encoding   

  12  0:00  SCV  
  13  0:12  SCV  
  14  0:23  Supply Depot  
  14  0:25  SCV  
  15  0:45  SCV  
  15  0:46  Barracks  
  16  0:53  Refinery  
  16  0:57  SCV  
  17  1:09  SCV  
  18  1:21  SCV  
  19  1:37  Command Center  
  19  1:38  Orbital Command  
  19  1:42  Barracks Reactor  
  19  1:49  Supply Depot  
  19  2:05  SCV  
  20  2:18  Factory  
  20  2:20  Marine x2  
  22  2:23  SCV  
  23  2:35  SCV  
  24  2:37  Marine  
  24  2:38  Marine  
  26  2:49  Orbital Command  
  26  2:51  SCV  
  27  2:55  Refinery, Marine  
  27  2:56  Marine  
  29  3:03  Hellion  
  31  3:07  SCV  
  31  3:11  Starport  
  32  3:19  SCV  
  33  3:25  Marine x2  
  37  3:27  Hellion  
  37  3:29  SCV  
  37  3:31  SCV  
  39  3:40  Barracks  
  39  3:41  SCV  
  40  3:43  SCV  
  40  3:47  Supply Depot  
  41  3:49  Supply Depot  
  41  3:51  Engineering Bay, Marine x2  
  41  3:53  Hellion  
  45  3:59  SCV  
  46  4:09  SCV  
  47  4:11  SCV  
  48  4:21  SCV  
  48  4:22  Hellion, Marine x2  
  48  4:23  SCV  
  54  4:32  Barracks Tech Lab  
  54  4:33  SCV  
  55  4:40  Marine x2  
  53  4:58  Marine x3  
  50  5:12  Hellion  
  52  5:16  Marauder, Marine x2  
  48  5:33  Hellion  
  48  5:34  Marine x2  
  52  5:46  Marine  
  53  5:51  Marine  
  53  5:54  Hellion  
  51  6:05  Marauder  
  51  6:15  Marine x2  
  51  6:17  Widow Mine  
  47  6:26  Marauder  
  47  6:27  Starport Reactor, Engineering Bay  
  47  6:28  Stimpack  
  49  6:33  Marine x2  
  49  6:39  Widow Mine  
  50  6:45  Barracks x2  
  47  6:47  Marauder  
  47  6:48  Terran Infantry Weapons Level 1  
  47  6:49  Refinery  
  47  6:50  Marine  
  47  6:51  Marine, Command Center  
  47  6:53  SCV x2, Armory  
  53  6:57  Command Center  
  53  7:05  SCV x2  
  55  7:08  Marine  
  55  7:09  Marauder  
  58  7:16  Factory Tech Lab  
  58  7:17  SCV  
  58  7:18  Marine  
  60  7:26  Marine  
  60  7:29  SCV  
  62  7:30  Terran Infantry Armor Level 1  
  62  7:36  Supply Depot  
  62  7:37  Missile Turret, Supply Depot  
  62  7:38  Supply Depot  
  62  7:40  Marine  
  62  7:47  Supply Depot  
  62  7:50  Barracks Reactor, Barracks Tech Lab  
  62  7:58  SCV, Marauder, Marine, Medivac x2  
  70  7:59  SCV  
  70  8:01  Supply Depot  
  70  8:02  Planetary Fortress  
  70  8:03  Supply Depot  
  70  8:04  Supply Depot  
  71  8:08  Concussive Shells, Combat Shield  
  71  8:10  SCV  
  71  8:11  SCV  
  73  8:19  Siege Tank  
  76  8:22  SCV, Marauder x2, Marine x2  
  76  8:23  SCV  
  76  8:26  Supply Depot  
  84  8:28  Medivac x2, Supply Depot  
  88  8:34  SCV  
  88  8:35  SCV  
  88  8:40  Marine x2  
  92  8:43  Marauder x2  
  92  8:46  SCV, Marine x2  
  92  8:47  SCV  
  91  8:51  Siege Tank  
  84  8:58  Marine x2  
  76  9:03  Marine  
  76  9:04  Marauder, Marine  
  76  9:05  Marauder  
  76  9:08  Medivac  
  78  9:15  Marine x2  
  78  9:16  Refinery  
  79  9:19  Refinery  
  79  9:21  Marine  
  79  9:23  Siege Tank  
  83  9:25  Smart Servos  
  83  9:26  Marauder x2  
  83  9:27  Marine  
  88  9:33  Marine x2  
  88  9:34  Refinery  
  90  9:39  Marine  
  90  9:44  Supply Depot  
  90  9:45  Marine, Supply Depot  
  92  9:47  Marauder x2  
  92  9:51  Marine x2  
  98  9:55  Command Center  
  98  9:57  Marine  
  98  9:58  Terran Infantry Weapons Level 2  
  99  10:03  Marine  
  100  10:09  Marauder x2, Marine x2  
  100  10:10  Supply Depot  
  105  10:15  Marine  
  106  10:26  Medivac x2  
  110  10:30  Marauder  
  112  10:36  Siege Tank  
  113  10:48  Terran Infantry Armor Level 2  
  113  10:56  Medivac x2  
  117  11:00  Terran Vehicle Weapons Level 1  
  117  11:06  SCV x3  
  117  11:07  Planetary Fortress  
  117  11:08  Siege Tank  
  124  11:18  SCV x3  
  125  11:30  SCV x3  
  122  11:41  Siege Tank  
  122  11:42  SCV x2  
  127  11:50  Medivac x2  
  135  11:54  Marauder x2, Marine x4  
  139  12:12  Marine x4  
  139  12:13  Siege Tank  
  139  12:15  Marauder x2  
  150  12:20  Medivac x2  
  153  12:30  Marine x3  
  153  12:34  SCV, Barracks  
  153  12:35  SCV x3, Barracks x2  
  153  12:37  Marauder x2  
  164  12:38  Refinery  
  164  12:46  SCV  
  164  12:47  SCV x3  
  168  12:58  SCV, Marauder x2  
  166  12:59  SCV x3  
  170  13:06  Marine  
  170  13:07  Marine x3  
  170  13:10  SCV  
  170  13:11  SCV x3  
  178  13:19  Marauder  
  180  13:24  SCV, Marine  
  180  13:26  Marine  
  180  13:27  Marine  
  180  13:28  Marine  
  180  13:29  Marauder  
  168  13:36  Marine  
  168  13:37  Barracks Reactor, Barracks Tech Lab  
  168  13:41  Marauder  
  169  13:42  Marine  
  169  13:44  Marine  
  169  13:45  Marine  
  169  13:46  Marine  
  169  13:47  Terran Infantry Weapons Level 3, Terran Infantry Armor Level 3  
  173  13:51  Marauder  
  173  13:53  Siege Tank  
  173  13:54  Marine  
  179  14:00  Marine  
  179  14:02  Marauder, Marine  
  180  14:10  Marine  
  180  14:16  Terran Vehicle Weapons Level 2  
  180  14:18  Supply Depot  
  180  14:19  Supply Depot  
  180  14:21  Refinery  
  180  14:27  Siege Tank  
  179  14:32  Marauder x2  
  168  14:41  Marine  
  168  14:42  Marauder, Marine, Supply Depot  
  168  14:44  Supply Depot  
  172  14:54  Marauder x2  
  172  14:59  Siege Tank  
  176  15:03  Marauder  
  176  15:04  Marine  
  176  15:06  Supply Depot  
  172  15:08  Supply Depot  
  172  15:15  Marauder x2  
  172  15:17  Marine  
  172  15:18  Marine x5  
  182  15:22  Marine  
  182  15:24  Marauder  
  182  15:31  Siege Tank  
  182  15:35  Marine  
  177  15:36  Marauder, Marine x6  
  177  15:39  Marine  
  172  15:45  Marine  
  173  15:53  Marine x3  
  176  16:03  Siege Tank  
  179  16:08  Command Center  
  182  16:26  Barracks Tech Lab  
Show
View Real Time Build Order
Export as new Build Order

InUrBase Protoss 

Build Orders: 1 Gate Expand, Blink Stalkers 

Get SALT Encoding   

  12  0:00  Probe  
  13  0:12  Probe  
  14  0:17  Pylon  
  14  0:24  Probe  
  15  0:36  Probe  
  15  0:39  Gateway  
  16  0:49  Probe  
  17  0:51  Assimilator  
  17  1:01  Probe (Chrono Boost)  
  19  1:12  Probe (Chrono Boost)  
  19  1:17  Probe (Chrono Boost)  
  20  1:25  Nexus  
  20  1:34  Cybernetics Core  
  20  1:37  Probe  
  21  1:44  Pylon  
  21  1:49  Probe  
  22  2:02  Probe  
  23  2:08  Adept (Chrono Boost)  
  23  2:12  Warp Gate  
  23  2:14  Probe  
  26  2:23  Twilight Council  
  26  2:26  Probe  
  27  2:32  Adept  
  29  2:38  Probe (Chrono Boost)  
  29  2:40  Probe (Chrono Boost)  
  31  2:49  Probe (Chrono Boost)  
  31  2:50  Probe (Chrono Boost)  
  33  2:51  Pylon  
  33  2:54  Probe x2 (Chrono Boost)  
  35  2:59  Assimilator  
  35  3:02  Assimilator, Stalker  
  35  3:04  Probe  
  38  3:15  Probe  
  38  3:16  Probe  
  38  3:27  Probe  
  38  3:28  Probe  
  38  3:29  Gateway  
  38  3:32  Gateway  
  40  3:39  Probe  
  40  3:40  Probe  
  42  3:49  Blink  
  42  3:51  Probe  
  42  3:53  Probe  
  44  3:59  Nexus  
  44  4:02  Pylon  
  44  4:03  Probe  
  44  4:04  Stalker  
  44  4:05  Probe  
  48  4:13  Robotics Facility  
  48  4:16  Probe, Pylon  
  49  4:17  Probe  
  49  4:21  Assimilator  
  50  4:26  Stalker  
  50  4:28  Stalker  
  54  4:32  Stalker  
  51  4:59  Stalker x3  
  51  5:07  Gateway  
  51  5:08  Gateway  
  51  5:12  Gateway  
  49  5:16  Gateway  
  47  5:23  Stalker x3  
  51  5:48  Stalker x3  
  57  5:53  Observer  
  50  6:15  Stalker x7  
  58  6:27  Immortal  
  62  6:46  Probe x2 (Chrono Boost)  
  62  6:47  Probe (Chrono Boost)  
  65  6:50  Stalker  
  65  6:51  Stalker x4  
  65  6:53  Stalker  
  77  6:55  Probe (Chrono Boost)  
  77  6:56  Probe x2 (Chrono Boost)  
  77  6:58  Pylon  
  77  7:00  Probe x3 (Chrono Boost)  
  80  7:02  Pylon  
  80  7:04  Pylon  
  83  7:09  Observer  
  83  7:11  Stalker  
  85  7:16  Probe x3  
  85  7:17  Pylon  
  85  7:19  Stalker x2  
  85  7:21  Shield Battery, Stalker  
  94  7:26  Stalker  
  94  7:28  Probe x2  
  98  7:41  Stalker  
  98  7:42  Charge (Chrono Boost), Stalker x3  
  106  7:46  Probe  
  106  7:47  Probe x2  
  109  7:54  Stalker  
  109  7:55  Stalker  
  111  7:58  Probe  
  111  7:59  Probe  
  111  8:05  Stalker  
  115  8:09  Forge  
  115  8:12  Probe x2  
  117  8:15  Assimilator  
  117  8:17  Assimilator  
  117  8:20  Shield Battery  
  117  8:21  Shield Battery  
  117  8:23  Shield Battery  
  115  8:33  Pylon  
  97  8:50  Stalker x6  
  97  8:51  Stalker  
  105  9:18  Stalker x7  
  105  9:24  Pylon  
  119  9:34  Protoss Ground Weapons Level 1 (Chrono Boost), Immortal  
  123  9:41  Robotics Bay  
  123  9:57  Nexus  
  123  9:59  Pylon  
  123  10:00  Pylon  
  123  10:03  Pylon  
  117  10:18  Zealot x5  
  117  10:19  Zealot x2  
  131  10:29  Disruptor  
  131  10:35  Robotics Facility  
  134  10:42  Photon Cannon  
  134  10:44  Probe x3, Photon Cannon  
  134  10:46  Shield Battery  
  134  10:49  Shield Battery  
  137  10:53  Shield Battery  
  137  10:56  Probe  
  138  11:05  Disruptor  
  138  11:06  Stalker x4  
  138  11:07  Stalker x3  
  155  11:17  Gateway x2  
  155  11:18  Gateway  
  155  11:22  Probe, Gateway  
  155  11:23  Probe  
  155  11:25  Gateway, Assimilator  
  157  11:27  Gateway  
  157  11:29  Assimilator  
  157  11:31  Pylon  
  153  11:35  Pylon  
  149  11:40  Disruptor (Chrono Boost)  
  149  11:41  Disruptor (Chrono Boost)  
  149  11:57  Photon Cannon  
  149  11:59  Photon Cannon  
  149  12:02  Protoss Ground Weapons Level 2 (Chrono Boost)  
  149  12:11  Disruptor (Chrono Boost)  
  149  12:12  Observer (Chrono Boost)  
  149  12:25  Pylon  
  149  12:29  Observer  
  125  12:49  Stalker x7  
  107  12:53  Stalker  
  107  12:54  Stalker x5  
  119  12:59  Disruptor x2  
  102  13:33  Stalker x11  
  102  13:34  Stalker x2  
  117  13:35  Disruptor x2  
  123  13:57  Zealot  
  123  13:58  Zealot x5  
  134  14:10  Disruptor  
  134  14:11  Disruptor  
  118  14:39  Zealot x4  
  118  14:40  Zealot x9  
  144  14:46  Disruptor x2  
  112  15:19  Zealot  
  112  15:20  Zealot x10  
  112  15:21  Zealot x2  
  135  15:22  Disruptor x2  
  121  15:42  Zealot x3  
  101  15:43  Zealot x7  
  101  15:44  Zealot x3  
  125  15:52  Templar Archives  
  123  15:57  Disruptor  
  123  15:58  Disruptor  
  127  16:14  Zealot x8  
  127  16:15  Zealot x2  
  127  16:16  Zealot  
Show
View Real Time Build Order
Export as new Build Order

PLSQuit Zerg 

Build Orders: Hatch First, Lurkers 

Get SALT Encoding   

  12  0:05  Drone  
  13  0:13  Overlord  
  13  0:20  Drone  
  14  0:31  Drone  
  14  0:34  Drone  
  16  0:53  Hatchery  
  16  0:55  Drone  
  16  0:56  Drone  
  17  0:59  Drone  
  18  1:07  Extractor  
  17  1:17  Spawning Pool  
  16  1:21  Drone  
  16  1:23  Drone  
  18  1:31  Drone  
  19  1:43  Drone  
  20  1:55  Overlord  
  20  2:05  Queen x2  
  20  2:06  Zergling x4  
  26  2:21  Drone x2  
  28  2:29  Drone x2  
  30  2:31  Metabolic Boost  
  30  2:38  Drone x2  
  32  2:47  Overlord  
  32  2:53  Zergling x2  
  32  2:57  Hatchery  
  32  2:59  Overlord  
  32  3:03  Overlord  
  32  3:10  Queen  
  34  3:18  Baneling Nest  
  33  3:24  Drone  
  33  3:25  Drone x3  
  37  3:38  Drone  
  37  3:39  Drone x4  
  42  3:48  Zergling x4  
  44  4:02  Zergling x4  
  46  4:04  Lair  
  46  4:08  Drone x3, Roach Warren  
  46  4:09  Extractor, Drone x2  
  48  4:16  Queen  
  50  4:20  Drone x2  
  52  4:29  Baneling x4, Spine Crawler  
  52  4:31  Drone x2  
  53  4:34  Drone  
  54  4:41  Zergling x4  
  54  4:42  Zergling x4  
  53  4:50  Zergling x10  
  56  4:57  Roach  
  54  5:02  Baneling x4  
  54  5:04  Roach x2  
  56  5:08  Overlord x2  
  49  5:14  Roach x2  
  49  5:15  Roach  
  53  5:25  Roach  
  53  5:26  Roach x3  
  61  5:29  Zergling x6  
  61  5:34  Queen  
  57  5:56  Hatchery, Zergling x6  
  59  5:57  Baneling  
  53  6:04  Zergling x2  
  53  6:05  Zergling x12  
  59  6:17  Zergling x2  
  59  6:18  Zergling x2  
  59  6:24  Spine Crawler  
  56  6:27  Spine Crawler  
  56  6:29  Overlord  
  56  6:30  Centrifical Hooks  
  56  6:31  Glial Reconstitution  
  51  6:33  Roach x3  
  51  6:34  Baneling  
  57  6:53  Baneling x4  
  57  6:57  Extractor, Drone x2  
  57  6:58  Drone  
  57  6:59  Drone x3  
  57  7:00  Extractor  
  61  7:13  Roach x3  
  67  7:17  Ravager  
  67  7:25  Drone x3  
  67  7:29  Queen  
  72  7:31  Drone x3  
  72  7:32  Drone x2  
  77  7:39  Roach x2  
  77  7:42  Baneling x3  
  81  7:54  Overlord x3  
  81  7:57  Drone  
  78  8:18  Zergling x18  
  84  8:29  Drone x8  
  84  8:33  Overlord  
  92  8:40  Zergling x4  
  90  8:42  Hatchery  
  90  8:48  Baneling x4  
  84  8:53  Baneling x3  
  84  8:54  Zergling x8  
  75  9:12  Zergling x18  
  80  9:17  Baneling  
  80  9:18  Baneling  
  80  9:23  Roach x3  
  85  9:35  Roach x4  
  85  9:36  Roach x6  
  103  9:47  Baneling x2  
  103  9:48  Zergling x6  
  103  9:52  Drone  
  107  9:56  Hatchery  
  98  10:11  Zergling x18  
  101  10:17  Spore Crawler  
  100  10:22  Spore Crawler  
  100  10:24  Spore Crawler  
  100  10:26  Zergling x8  
  100  10:27  Zergling x10  
  107  10:37  Evolution Chamber  
  107  10:39  Extractor, Drone x5, Evolution Chamber  
  107  10:40  Extractor  
  108  10:50  Spire  
  108  10:55  Roach x6  
  119  10:59  Overlord  
  119  11:00  Hydralisk Den, Overlord x3  
  119  11:02  Drone  
  119  11:03  Hatchery  
  118  11:07  Zerg Melee Weapons Level 1  
  118  11:08  Zerg Ground Armor Level 1  
  118  11:14  Drone x3  
  118  11:15  Drone x3  
  124  11:19  Drone x6  
  124  11:23  Baneling x6  
  130  11:32  Baneling x4  
  130  11:33  Baneling x7  
  130  11:34  Baneling x6  
  130  11:45  Infestation Pit  
  129  11:47  Lurker Den  
  129  11:50  Extractor, Drone  
  129  11:51  Drone x2  
  129  11:52  Extractor, Drone  
  129  11:53  Drone x3  
  129  11:54  Drone  
  134  11:58  Spine Crawler  
  133  12:06  Hydralisk x4  
  132  12:15  Roach  
  132  12:16  Roach x3  
  137  12:25  Mutalisk  
  137  12:26  Mutalisk x3  
  140  12:35  Overseer x2  
  136  12:44  Zergling x14  
  136  12:45  Zergling x12  
  138  12:55  Mutalisk x3  
  138  12:56  Mutalisk  
  130  13:00  Roach x3  
  132  13:11  Spine Crawler  
  131  13:13  Corruptor x3  
  137  13:24  Overseer  
  137  13:25  Overseer x2  
  117  13:38  Hydralisk x8  
  97  14:09  Corruptor  
  96  14:10  Corruptor x5  
  108  14:19  Corruptor  
  108  14:20  Corruptor  
  112  14:29  Corruptor x2  
  113  14:43  Lurker  
  113  14:44  Lurker x7  
  121  14:50  Drone x4, Extractor  
  121  14:51  Drone x2, Extractor  
  125  14:54  Zergling x2  
  117  15:16  Corruptor x5  
  117  15:17  Corruptor  
  113  15:36  Hydralisk x3  
  116  16:06  Zergling x2  
  116  16:07  Zergling x50  
Tags
 
Add a new tag
Caveats
  • Supply blocks, unpowered buildings, or Contaminate may cause inaccurate times.
  • Supply counts are checked every 10 seconds.